 Dungeon Crawl Stone Soup version 0.20.1-1-g8b1a95d (webtiles) character file.

11662 Heedrag the Cleaver (level 11, 0/99 HPs)
             Began as a Minotaur Fighter on July 21, 2017.
             Was a High Priest of Okawaru.
             Slain by a freezing wraith (7 damage)
             ... in an ice cave.
             The game lasted 00:22:08 (8918 turns).

Heedrag the Cleaver (Minotaur Fighter)              Turns: 8918, Time: 00:22:10

Health: 0/99       AC: 16    Str: 27    XL:     11   Next: 52%
Magic:  11/11      EV:  9    Int:  5    God:    Okawaru [*****.]
Gold:   573        SH: 11    Dex: 11    Spells: 10/10 levels left

rFire    + . .     SeeInvis .   a - +1 war axe
rCold    + . .     Gourm    .   c - +1 shield
rNeg     . . .     Faith    .   v - +0 plate armour
rPois    .         Spirit   .   (helmet restricted)
rElec    .         Reflect  .   (no cloak)
rCorr    .         Harm     .   g - +0 pair of gloves
MR       .....                  (no boots)
Stlth    ..........             O - amulet of regeneration
Regen    0.7/turn               L - +4 ring of strength
MPRegen  0.2/turn               G - ring of protection from cold

@: hasted and slowed
A: retaliatory headbutt, horns 2, talons 1, fire resistance 1, wild magic 1
a: Heroism, Finesse, Renounce Religion


You were in an ice cave.
You worshipped Okawaru.
Okawaru was extremely pleased with you.
You were not hungry.

You visited 3 branches of the dungeon, and saw 12 of its levels.
You also visited: Ice Cave.

You collected 573 gold pieces.

Inventory:

Hand Weapons
 a - a +1 war axe (weapon)
 B - a +0 flail
Armour
 b - a +0 scale mail
 c - a +1 shield (worn)
 g - a +0 pair of gloves (worn)
 v - a +0 plate armour (worn)
Jewellery
 t - an uncursed ring of resist corrosion
 C - an uncursed ring of teleportation
 G - a ring of protection from cold (right hand)
 L - a +4 ring of strength (left hand)
 M - an uncursed ring of stealth
 O - an amulet of regeneration (around neck)
 P - an uncursed ring of positive energy
 Q - an uncursed ring of protection from fire
Wands
 u - a wand of iceblast (15/15)
 y - a wand of disintegration (7/24)
Scrolls
 j - 9 scrolls of identify
 n - 5 scrolls of remove curse
 o - 4 scrolls of amnesia
 r - 6 scrolls of teleportation
 s - 2 scrolls of blinking
 x - a scroll of noise
 A - 2 scrolls of enchant armour
 F - a scroll of magic mapping {unknown}
 I - a scroll of torment {unknown}
 N - a scroll of fear
Potions
 d - a potion of might
 e - 4 potions of haste
 h - 2 potions of curing {unknown}
 k - 2 potions of magic {unknown}
 l - a potion of lignification {unknown}
 p - a potion of mutation {unknown}
 w - 3 potions of heal wounds {unknown}
 z - a potion of brilliance {unknown}
 D - a potion of resistance
 K - a potion of agility {unknown}
 V - a potion of berserk rage {unknown}
Books
 E - a book of Necromancy

   Spells                             Type                      Level
   a - Pain                           Necromancy                   1
   b - Animate Skeleton               Necromancy                   1
   c - Vampiric Draining              Necromancy                   3
   d - Regeneration                   Charms/Necromancy            3
   e - Animate Dead                   Necromancy                   4
   f - Control Undead                 Necromancy                   4
 S - a book of Frost

   Spells                             Type                      Level
   a - Freeze                         Ice                          1
   b - Throw Frost                    Conjuration/Ice              2
   c - Ozocubu's Armour               Charms/Ice                   3
   d - Throw Icicle                   Conjuration/Ice              4
   e - Summon Ice Beast               Ice/Summoning                4
Miscellaneous
 H - a fan of gales
Comestibles
 f - 10 bread rations
 i - 9 fruits
 m - 9 meat rations
 q - 4 royal jellies


   Skills:
 + Level 9.9 Fighting
 * Level 14.3 Axes
 + Level 10.1 Armour
 + Level 8.6 Dodging
 - Level 3.6 Shields
 + Level 1.5 Invocations


You had 10 spell levels left.
You didn't know any spells.

Dungeon Overview and Level Annotations

Branches:
Dungeon (10/15)            Temple (1/1) D:5            Lair (1/6) D:10
    Orc (0/2) D:10

Altars:
Ashenzari
Cheibriados
Dithmenos
Elyvilon
Fedhas
Gozag
Hepliaklqana
Kikubaaqudgha
Makhleb
Nemelex Xobeh
Okawaru
Qazlal
Ru
Sif Muna
Trog
Uskayaw
Vehumet
Xom
Yredelemnul
Zin
The Shining One


Innate Abilities, Weirdness & Mutations

You reflexively headbutt those who attack you in melee.
You have a pair of horns on your head.
You have sharp toenails.
Your flesh is heat resistant. (rF+)
Your spells are a little harder to cast, but a little more powerful.


Message History

Your shield and plate armour prevent you from hitting the freezing wraith.
You block the freezing wraith's attack. x2
You hit the freezing wraith but do no damage.
You headbutt the freezing wraith.
The freezing wraith is lightly damaged.
You hit the freezing wraith. x2; The freezing wraith hits you.
* * * LOW HITPOINT WARNING * * *
The freezing wraith freezes you. You resist.
* * * LOW HITPOINT WARNING * * *
You block the freezing wraith's attack. x2
The freezing wraith hits you but does no damage.
You block the freezing wraith's attack.
The freezing wraith hits you but does no damage.
It was a potion of haste.
You feel yourself speed up. The freezing wraith hits you.
* * * LOW HITPOINT WARNING * * *
The freezing wraith freezes you! You resist.
* * * LOW HITPOINT WARNING * * *
You block the freezing wraith's attack. x2; The freezing wraith hits you!
You die...

...##
#..Y.....
#...#
##..W..W..
##..# ##..#
#..## #..###
.(## ##...###
..####
##....###
...#.##
###....##
......##
###.WW###
.......##
###@W.###
........####
###...##
...........##
##...#
.....###....##
###..# ...###
###...#
##....# ####
##..# ##....##
#...###...###
##..###...##
##..###...##


You could see 3 freezing wraiths.

Vanquished Creatures
  A two-headed ogre (D:10)
  2 unseen horrors (D:10)
  Joseph (Lair:1)
  A spiny frog (Lair:1)
  4 freezing wraiths (IceCv)
  A troll (D:9)
  A merfolk (D:10)
  A hippogriff (D:10)
  5 yaks (Lair:1)
  2 death yak simulacra (IceCv)
  An acid dragon (D:9)
  2 porcupines
  2 water moccasins (Lair:1)
  4 orc warriors
  A swamp drake (D:10)
  8 ice beasts
  2 sky beasts
  A black bear (D:10)
  3 phantoms (D:10)
  An eye of draining (D:8)
  5 ogres
  2 centaurs (D:6)
  3 crocodiles
  10 bullfrogs
  9 scorpions
  An elephant simulacrum (IceCv)
  8 wights (D:10)
  3 killer bees (D:8)
  An electric eel (Lair:1)
  2 howler monkeys (D:10)
  A bullfrog zombie (D:10)
  8 crimson imps
  A quasit (D:7)
  2 centaur zombies
  2 jellies
  4 hounds
  A gnoll shaman (D:8)
  7 orc priests
  A centaur skeleton (D:10)
  2 bullfrog skeletons
  3 iguanas
  Ijyb (D:4)
  18 orc wizards
  5 worker ants
  A polar bear simulacrum (IceCv)
  A hound zombie (D:10)
  A hound skeleton (D:8)
  A worker ant zombie (D:10)
  4 gnolls (D:8)
  11 adders
  2 shadow imps
  5 white imps (IceCv)
  3 oozes
  An adder zombie (D:8)
  An adder skeleton (D:10)
  2 worms
  5 dart slugs
  2 leopard geckos
  44 orcs
  5 giant cockroaches
  6 goblins
  7 hobgoblins
  13 jackals
  9 kobolds
  6 quokkas
  A ball python (D:1)
  A ball python skeleton (D:4)
  13 bats
  2 frilled lizards
  3 quokka skeletons
  A quokka zombie (D:8)
  10 rats
  3 fungi
308 creatures vanquished.

Vanquished Creatures (others)
  A hippogriff (D:8)
  A fungus (D:8)
2 creatures vanquished.

Grand Total: 310 creatures vanquished

Notes
Turn   | Place    | Note
-------+----------+-------------------------------------------
     0 | D:1      | Heedrag the Minotaur Fighter began the quest for the Orb.
     0 | D:1      | Reached XP level 1. HP: 19/19 MP: 0/0
   174 | D:1      | Reached skill level 3 in Axes
   185 | D:1      | Reached XP level 2. HP: 26/26 MP: 1/1
   250 | D:1      | Reached skill level 4 in Axes
   355 | D:1      | Reached XP level 3. HP: 30/31 MP: 2/2
   799 | D:2      | Reached skill level 5 in Axes
   925 | D:2      | Reached XP level 4. HP: 37/39 MP: 3/3
  1302 | D:2      | Reached skill level 6 in Axes
  1540 | D:3      | Reached XP level 5. HP: 27/45 MP: 4/4
  1651 | D:3      | Found a bloodstained altar of Trog.
  1654 | D:3      | Found a blossoming altar of Fedhas.
  1928 | D:3      | Found a snail-covered altar of Cheibriados.
  2039 | D:3      | Reached skill level 7 in Axes
  2162 | D:4      | Reached XP level 6. HP: 24/51 MP: 5/5
  2261 | D:4      | Found a sacrificial altar of Ru.
  2462 | D:4      | Reached skill level 8 in Axes
  2464 | D:4      | Reached skill level 1 in Dodging
  2510 | D:4      | Noticed Ijyb
  2515 | D:4      | Killed Ijyb
  2636 | D:4      | Reached XP level 7. HP: 47/60 MP: 6/6
  2695 | D:4      | Noticed a hand axe
  2696 | D:4      | Noticed a hand axe
  2699 | D:4      | Found a hide-covered altar of Uskayaw.
  2865 | D:5      | Entered Level 5 of the Dungeon
  2993 | D:5      | Found a deep blue altar of Sif Muna.
  3058 | D:5      | Found a staircase to the Ecumenical Temple.
  3077 | D:5      | Reached skill level 9 in Axes
  3077 | D:5      | Reached skill level 5 in Armour
  3081 | D:5      | Reached skill level 5 in Fighting
  3096 | Temple   | Entered the Ecumenical Temple
  3111 | Temple   | Became a worshipper of Warmaster Okawaru
  3284 | D:5      | Reached XP level 8. HP: 50/68 MP: 7/7
  3631 | D:6      | Reached * piety under Okawaru
  3635 | D:6      | Gained mutation: You tend to lose your temper in combat. [mutagenic meat]
  3637 | D:6      | Gained mutation: Your flesh is heat resistant. (rF+) [mutagenic meat]
  3638 | D:6      | Lost mutation: You tend to lose your temper in combat. [mutagenic meat]
  3639 | D:6      | Gained mutation: Your spells are a little harder to cast, but a little more powerful. [mutagenic meat]
  3640 | D:6      | Gained mutation: You have sharp toenails. [mutagenic meat]
  3696 | D:6      | Reached skill level 10 in Axes
  3798 | D:6      | Reached ** piety under Okawaru
  4140 | D:6      | Reached XP level 9. HP: 65/78 MP: 8/8
  4918 | D:7      | Reached skill level 11 in Axes
  4918 | D:7      | Reached skill level 5 in Dodging
  5919 | D:8      | Found a sparkling altar of Nemelex Xobeh.
  6347 | D:9      | Noticed a troll
  6358 | D:9      | Killed a troll
  6358 | D:9      | Reached *** piety under Okawaru
  6564 | D:9      | Found a bloodstained altar of Trog.
  6597 | D:9      | Found a burning altar of Makhleb.
  6598 | D:9      | Found a radiant altar of Vehumet.
  6651 | D:9      | Reached skill level 12 in Axes
  6809 | D:9      | Found a shimmering altar of Xom.
  6809 | D:9      | Found a glowing silver altar of Zin.
  6809 | D:9      | Noticed an angel
  6944 | D:10     | Entered Level 10 of the Dungeon
  6987 | D:10     | Reached XP level 10. HP: 88/88 MP: 9/9
  7060 | D:10     | Received a gift from Okawaru
  7231 | D:10     | Noticed a two-headed ogre
  7238 | D:10     | Killed a two-headed ogre
  7258 | D:10     | Reached **** piety under Okawaru
  7488 | D:10     | Killed an unseen horror
  7488 | D:10     | Reached skill level 13 in Axes
  7621 | D:10     | Killed an unseen horror
  7713 | D:10     | Found a staircase to the Lair.
  7766 | D:10     | Received a gift from Okawaru
  7780 | D:10     | Found a staircase to the Orcish Mines.
  7978 | D:10     | Reached XP level 11. HP: 60/97 MP: 10/10
  8073 | Lair:1   | Entered Level 1 of the Lair of Beasts
  8418 | Lair:1   | Noticed Joseph
  8425 | Lair:1   | Killed Joseph
  8425 | Lair:1   | Reached ***** piety under Okawaru
  8571 | Lair:1   | Reached skill level 14 in Axes
  8580 | Lair:1   | Found a frozen archway.
  8591 | IceCv    | Entered an ice cave
  8705 | IceCv    | Received a gift from Okawaru
  8757 | IceCv    | Reached skill level 10 in Armour
  8757 | IceCv    | Reached skill level 1 in Invocations
  8918 | IceCv    | Slain by a freezing wraith

Skill      XL: |  1  2  3  4  5  6  7  8  9 10 11 |
---------------+----------------------------------+-----
Axes           | 3 4 5 6 7 8 9 10 12 13 14 | 14.3
Fighting       | 4 5 6 8 9 |  9.9
Dodging        | 1 3 4 6 7 8 |  8.6
Armour         | 4 5 6 7 9 10 | 10.1
Invocations    | 1 |  1.5
Shields        | |  3.6

Action                   |  1- 3 |  4- 6 |  7- 9 | 10-12 || total
-------------------------+-------+-------+-------+-------++-------
Melee: War axe           |    94 |   164 |   365 |   302 ||   925
       Headbutt          |    20 |    29 |    67 |    73 ||   189
       Kick              |       |       |    71 |   107 ||   178
Invok: Heroism           |       |       |     1 |     4 ||     5
  Use: Scroll            |       |       |       |    12 ||    12
       Potion            |       |       |       |     1 ||     1
  Eat: Chunk             |       |     6 |    16 |     6 ||    28
       Bread ration      |       |       |     1 |       ||     1
Armor: Scale mail        |    49 |    52 |       |       ||   101
       Plate armour      |       |    56 |   164 |   176 ||   396
Dodge: Dodged            |    30 |    46 |    89 |    98 ||   263
Block: Shield            |    55 |    66 |   137 |   156 ||   414
